 Dungeon Crawl Stone Soup version 0.19.1 (console) character file.

6 Jesseh the Chiller (level 1, -3/13 HPs)
             Began as a Merfolk Ice Elementalist on Nov 23, 2016.
             Slain by a hobgoblin
             ... wielding a +0 club
              (4 damage)
             ... on level 1 of the Dungeon.
             The game lasted 00:01:30 (122 turns).

Jesseh the Chiller (Merfolk Ice Elementalist)        Turns: 122, Time: 00:01:31

Health: -3/13      AC:  2    Str:  8    XL:     1   Next: 90%
Magic:  3/3        EV: 13    Int: 14    God:
Gold:   0          SH:  0    Dex: 14    Spells: 1 memorised, 3 levels left

rFire  . . .     SeeInvis .     (no weapon)
rCold  . . .     Gourm    .     a - +0 robe
rNeg   . . .     Faith    .     (no shield)
rPois  .         Spirit   .     (no helmet)
rElec  .         Reflect  .     (no cloak)
rCorr  .         Harm     .     (no gloves)
MR     .....                    (no boots)
Stlth  ++........               (no amulet)
                                (no ring)
                                (no ring)

@: no status effects
A: change form in water, swift swim, stealthy swim
a: no special abilities


You were on level 1 of the Dungeon.
You were not hungry.

You visited 1 branch of the dungeon, and saw 1 of its levels.

Inventory:

Armour
 a - a +0 robe (worn)
Books
 b - a book of Frost
Comestibles
 c - a bread ration


   Skills:
 - Level 2.6 Dodging
 - Level 2.1 Stealth
 - Level 2.0 Spellcasting
   Level 0.7 Conjurations
 + Level 3.8 Ice Magic


You had 3 spell levels left.
You knew the following spells:

 Your Spells              Type           Power        Failure   Level  Hunger
a - Freeze                Ice            ##..         6%          1    ##.....


Dungeon Overview and Level Annotations

Branches:
Dungeon (1/15)

Altars:


Message History

Welcome, Jesseh the Merfolk Ice Elementalist.
Will you prevail where others failed? Will you find the Orb of Zot?
Found two stairs.
Currently training: Ice Magic(3.2).
Choose a target skill level: A bat and a kobold come into view.
A goblin comes into view. It is wielding a dagger.
The bat closely misses you.
Aim: a bat You freeze the bat.
The bat misses you.
A kobold comes into view. It is wielding a short sword.
The bat hits you.
Aim: a kobold, wielding a short sword You miscast Freeze.
You are very lightly contaminated with residual magic.
Frost spreads across the the floor.
The bat closely misses you.
You closely miss the kobold. The bat misses you. The kobold barely misses you.
You hit the kobold. The bat closely misses you.
The kobold hits you with a short sword.
You hit the kobold.
You kill the kobold!
The bat closely misses you. The bat hits you but does no damage.
You barely miss the bat. The bat barely misses you.
The bat hits you but does no damage.
The goblin shouts!
The bat misses you. The bat closely misses you.
The bat hits you but does no damage. x2
You hit the bat but do no damage. The bat closely misses you.
You closely miss the bat.
The kobold shouts!
The bat completely misses you. The bat closely misses you.
You barely miss the bat. The bat hits you but does no damage.
The goblin barely misses you.
You hit the bat.
You kill the bat!
The goblin closely misses you.
Aim: a kobold You freeze the kobold.
You kill the kobold!
The goblin hits you but does no damage.
A frilled lizard comes into view.
Aim: a goblin, wielding a dagger You freeze the goblin.
The frilled lizard hisses angrily.
The goblin hits you but does no damage.
A giant cockroach comes into view.
You barely miss the goblin. The goblin hits you but does no damage.
A goblin comes into view. It is wielding a dagger.
The goblin shouts!
You hit the goblin. The goblin barely misses you.
The floor.
There is a cloud of thin mist here.
You closely miss the goblin. The goblin hits you with a dagger.
You hit the goblin.
You kill the goblin!
The frilled lizard closely misses you.
Your magical contamination has completely faded away.
Things that are here:
a dagger; a goblin corpse You closely miss the frilled lizard.
The frilled lizard closely misses you.
You hit the frilled lizard but do no damage.
The frilled lizard bites you.
* * * LOW HITPOINT WARNING * * *
The giant cockroach closely misses you.
You miss the frilled lizard. The giant cockroach barely misses you.
The frilled lizard bites you but does no damage.
You barely miss the frilled lizard. The giant cockroach closely misses you.
The frilled lizard closely misses you. The giant cockroach barely misses you.
You barely miss the frilled lizard. The frilled lizard bites you.
* * * LOW HITPOINT WARNING * * *
The giant cockroach misses you.
You barely miss the frilled lizard. The frilled lizard bites you.
* * * LOW HITPOINT WARNING * * *
The giant cockroach bites you but does no damage.
Aim: a giant cockroach You freeze the giant cockroach.
You kill the giant cockroach!
The frilled lizard closely misses you.
You don't have enough magic to cast that spell.
Unknown command.
Things that are here:
a short sword; a kobold corpse The frilled lizard hisses.
The frilled lizard barely misses you.
You see here a scale mail.
You see here 11 gold pieces.
The frilled lizard closely misses you.
A kobold comes into view.
The frilled lizard misses you.
A hobgoblin comes into view. It is wielding a club.
The hobgoblin shouts!
The hobgoblin hits you with a club.
* * * LOW HITPOINT WARNING * * *
The frilled lizard bites you.
* * * LOW HITPOINT WARNING * * *
The hobgoblin hits you with a club.
You die...

▒▒▒▒▒▒▒▒▒▒
▒..K.g..g▒
▒▒▒▒▒▒▒.▒▒▒▒▒▒.▒
▒▒▒.K.....▒ ▒l▒
....▒▒▒▒▒▒▒ ▒m▒
▒▒..▒ ▒g▒ ▒..▒
▒.▒ ▒..▒ ▒.▒
...▒ ▒.▒ ▒▒.▒▒
▒.▒ ▒.▒ ..▒ ▒.▒
▒▒▒


You could see a hobgoblin, a goblin and a frilled lizard.

Vanquished Creatures
  A bat (D:1)
  A giant cockroach (D:1)
  A goblin (D:1)
  2 kobolds (D:1)
5 creatures vanquished.

Notes
Turn   | Place    | Note
-------+----------+-------------------------------------------
     0 | D:1      | Jesseh the Merfolk Ice Elementalist began the quest for the Orb.
     0 | D:1      | Reached XP level 1. HP: 13/13 MP: 3/3
    31 | D:1      | HP: 2/13 [frilled lizard (3)]
   121 | D:1      | HP: 2/13 [hobgoblin/club (2)]
   122 | D:1      | Slain by a hobgoblin

Action                   || total
-------------------------++-------
Melee: Unarmed           ||    18
 Cast: Freeze            ||     4
Armor: Robe              ||     9
Dodge: Dodged            ||    28

Vault maps used:
D:1:      dpeg_arrival_fog, minmay_heptomino_w4

Table legend:
 A = Turns spent in this place as a percentage of turns spent in the entire game.
 B = Non-inter-level travel turns spent in this place as a percentage of non-inter-level travel turns spent in the entire game.
 C = Inter-level travel turns spent in this place as a percentage of turns spent in this place.
 D = Turns resting spent in this place as a percentage of non-inter-level travel turns spent in this place.
 E = Turns spent auto-exploring this place as a percentage of non-inter-level travel turns spent in this place.
 F = Non-inter-level travel turns spent in this place divided by the number of levels of this place that you've seen.
                   A       B       C       D       E      F
               +-------+-------+-------+-------+-------+----------------------
         Total | 100.0 | 100.0 |   0.0 |   0.0 |   0.8 | 128.0
       Dungeon | 100.0 | 100.0 |   0.0 |   0.0 |   0.8 | 128.0
               +-------+-------+-------+-------+-------+----------------------

Table legend:
 A = Kills in this place as a percentage of kills in entire the game.
 B = Kills by you in this place as a percentage of kills by you in the entire game.
 C = Kills by friends in this place as a percentage of kills by friends in the entire game.
 D = Other kills in this place as a percentage of other kills in the entire game.
 E = Experience gained in this place as a percentage of experience gained in the entire game.
 F = Experience gained in this place divided by the number of levels of this place that you have seen.
                   A       B       C       D       E      F
               +-------+-------+-------+-------+-------+----------------------
         Total | 100.0 | 100.0 |  -nan |  -nan | 100.0 |   9.0
       Dungeon | 100.0 | 100.0 |  -nan |  -nan | 100.0 |   9.0
               +-------+-------+-------+-------+-------+----------------------
